 Dungeon Crawl Stone Soup version 0.27-a0-263-gc8dee61f84 (webtiles) character file.

Game seed: 16215061637788262032

78 scarywalker64 the Shooter (level 4, -3/34 HPs)
             Began as a Formicid Hunter on Feb 5, 2021.
             Slain by a gnoll
             ... wielding a +0 halberd
              (8 damage)
             ... on level 2 of the Dungeon.
             The game lasted 00:02:54 (1625 turns).

scarywalker64 the Shooter (Formicid Hunter)         Turns: 1625, Time: 00:02:54

Health: -3/34      AC:  8    Str: 18    XL:     4   Next: 61%
Magic:  5/5        EV:  7    Int: 10    God:
Gold:   74         SH:  0    Dex: 11    Spells: 4/4 levels left

rFire    . . .     SeeInvis +   b - +0 short sword
rCold    . . .     Faith    .   (no shield)
rNeg     . . .     Spirit   .   c - +0 chain mail
rPois    .         Reflect  .   (helmet unavailable)
rElec    .         Harm     .   (no cloak)
rCorr    .         Rampage  .   (no gloves)
Will     .....                  (no boots)
Stlth    ..........             (no amulet)
HPRegen  0.11/turn              (no ring)
MPRegen  0.09/turn              (no ring)

@: no status effects
A: permanent stasis, dig shafts and tunnels, four strong arms, antennae 3
a: Dig, Shaft Self


You were on level 2 of the Dungeon.
You visited 1 branch of the dungeon, and saw 2 of its levels.

You collected 74 gold pieces.

Inventory:

Hand Weapons
 a - a +1 shortbow
 b - a +0 short sword (weapon)
Armour
 c - a +0 chain mail (worn)
Scrolls
 e - a scroll of enchant armour {unknown}
 f - a scroll of fear {unknown}
 g - 3 scrolls of magic mapping {unknown}
 h - 4 scrolls of identify {unknown}
 i - 5 scrolls of remove curse {unknown}
 j - a scroll of amnesia {unknown}
Potions
 k - 2 potions of magic {unknown}
 l - a potion of attraction {unknown}


   Skills:
 * Level 2.6 Fighting
 * Level 4.4 Bows
 + Level 0.1 Armour
 + Level 1.9 Dodging
 - Level 1.2 Stealth
 * Level 0.7 Spellcasting


You had 4 spell levels left.
You didn't know any spells.
Your spell library was empty.

Dungeon Overview and Level Annotations

Branches:
Dungeon (2/15)

Altars:
Ru

Annotations:
D:2 1 runed translucent door, Crazy Yiuf


Innate Abilities, Weirdness & Mutations

You cannot be hasted, slowed, berserked, paralysed or teleported.
You can dig through walls and to a lower floor.
Your four strong arms can wield two-handed weapons with a shield.
You have a pair of large antennae on your head. (SInv)


Message History

You closely miss the gnoll. The gnoll closely misses you.
The gnoll hits you from afar with a +0 halberd.
You closely miss the gnoll. The gnoll hits you but does no damage.
You hit the gnoll but do no damage.
The gnoll hits you from afar with a +0 halberd.
* * * LOW HITPOINT WARNING * * *
The gnoll hits you with a +0 club.
* * * LOW HITPOINT WARNING * * *
You hit the gnoll.
The gnoll is lightly wounded.
The gnoll hits you but does no damage. The gnoll barely misses you.
You hit the gnoll but do no damage.
The gnoll is lightly wounded.
The gnoll hits you from afar with a +0 halberd.
* * * LOW HITPOINT WARNING * * *
The gnoll closely misses you.
You hit the gnoll.
The gnoll is moderately wounded.
The gnoll hits you from afar with a +0 halberd!
You die...

#.#.#........ ......#######
#.#.#### #.#.#..# ..#.##.#
###.##.# ....##.# { ######.#
############## ######.##
#.(..@gg(((..#
........####.##########.....gg#
#####.#......# #########
#...###### #####


You could see 2 gnolls.

Vanquished Creatures
  2 gnolls (D:2)
  2 adders (D:2)
  A dart slug (D:1)
  A leopard gecko (D:1)
  2 ball pythons (D:1)
  3 goblins
  8 jackals (D:1)
  2 quokkas (D:2)
  6 bats
  4 frilled lizards
  3 kobolds
  2 rats (D:1)
36 creatures vanquished.

Notes
Turn   | Place    | Note
-------+----------+-------------------------------------------
     0 | D:1      | scarywalker64 the Formicid Hunter began the quest for the
                  | Orb.
     0 | D:1      | Reached XP level 1. HP: 16/16 MP: 1/1
   138 | D:1      | Reached XP level 2. HP: 16/22 MP: 2/2
   594 | D:1      | Reached XP level 3. HP: 24/28 MP: 3/3
  1050 | D:2      | Reached skill level 4 in Bows
  1103 | D:2      | Found a runed translucent door.
  1104 | D:2      | Noticed Crazy Yiuf
  1191 | D:2      | Reached XP level 4. HP: 15/34 MP: 4/4
  1465 | D:2      | Found a sacrificial altar of Ru.
  1625 | D:2      | Slain by a gnoll

Illustrated notes

Levels and vault maps discovered:
D:1:      wheals_arrival_shading, layout_basic
D:2:      wander_river, layout_loops_ring, nicolae_ru_sacrificial_ziggurat,
          uniq_terence, uniq_crazy_yiuf_cottage

Skill      XL: |  1  2  3 |
---------------+----------+-----
Bows           | 4 |  4.4
Fighting       | |  2.6
Armour         | |  0.1
Dodging        | |  1.9
Stealth        | |  1.2
Spellcasting   | |  0.7

Action                   |  1- 3 |  4- 6 || total
-------------------------+-------+-------++-------
Melee: Short sword       |     3 |    16 ||    19
 Fire: Shortbow          |    73 |    18 ||    91
Armor: Leather armour    |     8 |       ||     8
       Chain mail        |    17 |    19 ||    36
Dodge: Dodged            |    27 |    14 ||    41

Table legend: (Time is in decaauts)
 A = Elapsed time spent in this place.
 B = Non-inter-level travel time spent in this place.
 C = Inter-level travel time spent in this place.
 D = Time resting spent in this place.
 E = Time spent auto-exploring this place.
 F = Levels seen in this place.
 G = Mean time per level.
                   A        B        C        D        E       F      G
               +--------+--------+--------+--------+--------+-----+--------+
         Total |   1633 |   1562 |     71 |      0 |   1312 |   2 |  816.5 |
       Dungeon |   1633 |   1562 |     71 |      0 |   1312 |   2 |  816.5 |
               +--------+--------+--------+--------+--------+-----+--------+

Top non-repeatable levels by time:
     D:1: 1051 daAuts
     D:2: 581 daAuts
